 Dungeon Crawl Stone Soup version 0.19.1-1-g22dce08 (webtiles) character file.

865 McKennaii the Gusty (level 7, -3/42 HPs)
             Began as a High Elf Air Elementalist on Jan 8, 2017.
             Killed by nerve-wracking pain
             ... invoked by a shadow imp
              (6 damage)
             ... on level 5 of the Dungeon.
             The game lasted 00:09:40 (3607 turns).

McKennaii the Gusty (High Elf Air Elementalist)     Turns: 3607, Time: 00:09:41

Health: -3/42      AC: 10    Str:  7    XL:     7   Next: 72%
Magic:  16/16      EV: 14    Int: 20    God:
Gold:   308        SH:  0    Dex: 17    Spells: 3 memorised, 12 levels left

rFire  . . .     SeeInvis .     j - +2 long sword (protect)
rCold  . . .     Gourm    .     a - +0 robe
rNeg   . . .     Faith    .     (no shield)
rPois  .         Spirit   .     (no helmet)
rElec  .         Reflect  .     A - +0 cloak
rCorr  .         Harm     .     (no gloves)
MR     .....                    (no boots)
Stlth  ++........               (no amulet)
                                (no ring)
                                (no ring)

@: protection aura, repel missiles
A: no striking features
a: no special abilities


You were on level 5 of the Dungeon.
You were not hungry.

You visited 1 branch of the dungeon, and saw 5 of its levels.

You collected 356 gold pieces.
You spent 48 gold pieces at shops.

Inventory:

Hand Weapons
 j - a +2 long sword of protection (weapon)
Armour
 a - a +0 robe (worn)
 A - a +0 cloak (worn)
Jewellery
 e - an uncursed ring of protection from magic {unknown}
 B - an uncursed ring of ice {unknown}
 C - a cursed -2 ring of intelligence {unknown}
 G - an uncursed amulet of guardian spirit {unknown}
Scrolls
 h - a scroll of random uselessness {unknown}
 i - 2 scrolls of teleportation {unknown}
 l - 2 scrolls of identify {unknown}
 r - 2 scrolls of fear {unknown}
 t - 2 scrolls of remove curse {unknown}
 u - a scroll of enchant armour {unknown}
 v - 3 scrolls of enchant weapon {unknown}
 x - 3 scrolls of immolation {unknown}
 y - 2 scrolls of amnesia {unknown}
 F - a scroll of recharging {unknown}
Potions
 d - a potion of brilliance {unknown}
 f - a potion of might {unknown}
 g - a potion of curing {unknown}
 n - a potion of haste {unknown}
 o - 2 potions of heal wounds {unknown}
 p - a potion of resistance {unknown}
 q - 2 potions of cancellation {unknown}
 s - 4 potions of flight {unknown}
 z - a potion of invisibility {unknown}
 E - a potion of cure mutation {unknown}
Books
 b - a book of Air

   Spells                             Type                      Level
   a - Shock                          Conjuration/Air              1
   b - Swiftness                      Charms/Air                   2
   c - Repel Missiles                 Charms/Air                   2
   d - Static Discharge               Conjuration/Air              3
   e - Lightning Bolt                 Conjuration/Air              5
 w - a book of Cantrips

   Spells                             Type                      Level
   a - Confusing Touch                Hexes                        1
   b - Animate Skeleton               Necromancy                   1
   c - Summon Small Mammal            Summoning                    1
   d - Apportation                    Translocation                1
Comestibles
 c - 4 bread rations
 k - a beef jerky
 m - a meat ration
 D - a royal jelly


   Skills:
 + Level 0.8 Fighting
 + Level 1.0 Long Blades
 + Level 3.2 Dodging
 + Level 2.7 Stealth
 + Level 0.7 Unarmed Combat
 + Level 5.6 Spellcasting
 + Level 4.7 Conjurations
 + Level 6.9 Air Magic


You had 12 spell levels left.
You knew the following spells:

 Your Spells              Type           Power        Failure   Level  Hunger
a - Shock                 Conj/Air       ####         1%          1    None
b - Swiftness             Chrm/Air       ###.....     4%          2    None
c - Repel Missiles        Chrm/Air       ###...       4%          2    None


Dungeon Overview and Level Annotations

Branches:
Dungeon (5/15)
 Temple: D:4-7

Altars:
Hepliaklqana
Kikubaaqudgha
Okawaru
Qazlal

Shops:
D:4 }!%   D:5 [


Message History

A sky beast appears from thin air!
Reactivating autopickup.
You closely miss the sky beast.
The sky beast is almost dead.
The sky beast hits you. The sky beast shocks you.
You hit the sky beast.
Your weapon exudes an aura of protection.
The sky beast is almost dead.
The sky beast hits you. The sky beast shocks you.
* * * LOW HITPOINT WARNING * * *
The sky beast hits you.
* * * LOW HITPOINT WARNING * * *
The sky beast shocks you.
* * * LOW HITPOINT WARNING * * *
You hit the sky beast.
You kill the sky beast!
Your Dodging skill increases to level 3!
The shadow imp gestures at you. Pain shoots through your body!
You die...

##.##.....# #.# #.####...#
###############..
#....#...#
#.........[..###.
####.#...#
###............# #.
#...#...###.#............#
##
#.###.......#............#
#
#.###..^..#.#............#
#
#.......#.#.#............#
#########...@............#
(........#.############
##########5# #s#
###########s#
#......ss≈..#
#.########### #.#
#######5#


You could see a scorpion, a shadow imp and a giant cockroach.

Vanquished Creatures
  The ghost of McKennaii the Gusty, an amateur HEAE (D:3)
  An ice beast (D:5)
  2 sky beasts (D:5)
  An ogre (D:4)
  Blork the orc (D:5)
  2 crimson imps (D:5)
  A hound (D:4)
  An orc priest (D:4)
  Jessica (D:2)
  An iguana (D:5)
  An orc wizard (D:4)
  4 adders
  An ooze (D:1)
  5 worms
  A dart slug (D:3)
  2 leopard geckos
  2 orcs (D:4)
  2 ball pythons
  10 bats
  3 giant cockroaches
  2 hobgoblins (D:2)
  A jackal (D:1)
  4 quokkas
  6 frilled lizards
  6 goblins
  9 kobolds
  6 rats
77 creatures vanquished.

Notes
Turn   | Place    | Note
-------+----------+-------------------------------------------
     0 | D:1      | McKennaii the High Elf Air Elementalist began the quest for the Orb.
     0 | D:1      | Reached XP level 1. HP: 11/11 MP: 4/4
   140 | D:1      | Reached skill level 4 in Air Magic
   165 | D:1      | Reached XP level 2. HP: 17/17 MP: 4/6
   169 | D:1      | Learned a level 2 spell: Swiftness
   172 | D:1      | Learned a level 2 spell: Repel Missiles
   878 | D:2      | Reached XP level 3. HP: 21/21 MP: 5/8
   988 | D:2      | Noticed Jessica
   996 | D:2      | Killed Jessica
  1115 | D:2      | Reached XP level 4. HP: 27/27 MP: 3/10
  1605 | D:3      | Found an iron altar of Okawaru.
  1961 | D:3      | Noticed McKennaii's ghost (amateur HEAE)
  1977 | D:3      | Killed McKennaii's ghost
  1977 | D:3      | Reached skill level 5 in Air Magic
  1977 | D:3      | Reached XP level 5. HP: 5/31 MP: 0/12
  2571 | D:4      | Noticed an ogre
  2575 | D:4      | Killed an ogre
  2575 | D:4      | Reached XP level 6. HP: 37/37 MP: 3/13
  2581 | D:4      | Found a stormy altar of Qazlal.
  2583 | D:4      | Found a hazy altar of Hepliaklqana.
  2586 | D:4      | Found an ancient bone altar of Kikubaaqudgha.
  2587 | D:4      | Found Ifiuca's Gadget Boutique.
  2621 | D:4      | Found Megab's Distillery.
  2646 | D:4      | Bought a potion of degeneration for 12 gold pieces
  2646 | D:4      | Bought a potion of lignification for 36 gold pieces
  2705 | D:4      | Reached skill level 6 in Air Magic
  2765 | D:4      | Found Rimaran's Food Shop.
  3152 | D:5      | Entered Level 5 of the Dungeon
  3194 | D:5      | Noticed Blork the orc
  3201 | D:5      | Killed Blork the orc
  3201 | D:5      | Reached XP level 7. HP: 42/42 MP: 6/15
  3250 | D:5      | Reached skill level 5 in Spellcasting
  3440 | D:5      | Reached skill level 1 in Long Blades
  3480 | D:5      | Found Kauchefi's Armour Shop.
  3607 | D:5      | Killed from afar by a shadow imp

Skill      XL: |  1  2  3  4  5  6  7 |
---------------+----------------------+-----
Air Magic      | 4 5 6 |  6.9
Spellcasting   | 3 4 5 |  5.6
Conjurations   | 2 3 4 |  4.7
Long Blades    | 1 |  1.0
Dodging        | 3 |  3.2
Fighting       | |  0.8
Stealth        | |  2.7
Unarmed Combat | |  0.7

Action                   |  1- 3 |  4- 6 |  7- 9 || total
-------------------------+-------+-------+-------++-------
Melee: Unarmed           |       |    31 |       ||    31
       Long sword        |       |       |    27 ||    27
 Cast: Shock             |    62 |   102 |    20 ||   184
       Repel Missiles    |     1 |       |       ||     1
  Eat: Meat ration       |       |     1 |       ||     1
       Pizza             |       |     2 |       ||     2
Armor: Robe              |       |     5 |     9 ||    14
Dodge: Dodged            |     6 |    35 |    22 ||    63
       Deflected         |       |     1 |       ||     1
       Rpst.: Long sword |       |       |     8 ||     8
